 Dungeon Crawl Stone Soup version 0.31-a0-631-g285b096dc4 (webtiles) character file.

Game seed: 15659889924031165638

212 Deathmic the Ogre Mage (level 5, -1/45 HPs)
             Began as an Ogre Fire Elementalist on Aug 26, 2023.
             Killed by divine providence
             ... invoked by an orc priest
              (17 damage)
             ... on level 3 of the Dungeon.
             The game lasted 00:21:32 (4242 turns).

Deathmic the Ogre Mage (Ogre Fire Elementalist)     Turns: 4242, Time: 00:21:33

Health: -1/45      AC:  3    Str: 12    XL:     5   Next: 90%
Magic:  0/10       EV: 10    Int: 18    God:
Gold:   200        SH:  0    Dex:  9    Spells: 10/11 levels left

rFire   . . .        k - +2 short sword (venom)
rCold   . . .        (no shield)
rNeg    . . .        a - +0 robe
rPois   .            (helmet restricted)
rElec   .            e - scarf {+Inv}
rCorr   .            (gloves unavailable)
SInv    .            (boots unavailable)
Will    .....        d - amulet of the acrobat
Stlth   ++           (no ring)
HPRegen 0.27/turn    (no ring)
MPRegen 0.12/turn

%: acrobat
@: no status effects
A: large, unfitting armour, tough skin 1
a: Evoke Invisibility


You were on level 3 of the Dungeon.
You visited 1 branch of the dungeon, and saw 4 of its levels.

You collected 200 gold pieces.

Inventory:

Hand Weapons
 k - a +2 short sword of venom (weapon)
Missiles
 m - 3 throwing nets
Armour
 a - a +0 robe (worn)
 e - a scarf of invisibility (worn)
Jewellery
 d - an amulet of the acrobat (around neck)
Scrolls
 f - 2 scrolls of identify
 l - 2 scrolls of teleportation
Potions
 b - 2 potions of magic
 c - 2 potions of mutation
 g - 2 potions of attraction {unknown}
 h - a potion of berserk rage {unknown}
 i - a potion of might {unknown}
 j - 3 potions of curing {unknown}


   Skills:
 + Level 2.8 Dodging
 + Level 2.4 Stealth
 + Level 3.6 Spellcasting
 + Level 2.3 Conjurations
 + Level 3.5 Fire Magic


You had 10 spell levels left.
You knew the following spells:

 Your Spells              Type           Power      Damage    Failure   Level
a - Foxfire               Conj/Fire      52%        2x1d6     4%          1

Your spell library contained the following spells:

 Spells                   Type           Power      Damage    Failure   Level
 Scorch                   Fire           30%        2d6       5%          2
 Inner Flame              Hex/Fire       9%         N/A       22%         3
 Volatile Blastmotes      Fire/Tloc      18%        2d11      22%         3
 Gell's Gravitas          Tloc           3%         N/A       43%         3
 Teleport Other           Tloc           3%         N/A       43%         3
 Flame Wave               Conj/Fire      13%        2d6       43%         4
 Dispersal                Tloc           1%         N/A       100%        6


Dungeon Overview and Level Annotations

Branches:
Dungeon (4/15)
 Temple: D:4-7

Altars:


Innate Abilities, Weirdness & Mutations

You are too large for most types of armour.
You have tough skin. (AC +1)


Message History

The orc priest is moderately wounded.
The foxfire hits the orc priest but does no damage.
The orc priest is moderately wounded.
The orc priest closely misses you.
Casting: Foxfire (safe; 4% risk of failure)
Confirm with . or Enter, or press ? or * to list all spells.
You conjure some foxfire!
The foxfire hits the orc priest.
The orc priest resists.
The orc priest is moderately wounded.
The foxfire hits the orc priest but does no damage.
The orc priest is moderately wounded.
The orc priest closely misses you.
Casting: Foxfire (safe; 4% risk of failure)
Confirm with . or Enter, or press ? or * to list all spells.
You conjure some foxfire!
The foxfire hits the orc priest but does no damage.
The orc priest is moderately wounded.
The foxfire hits the orc priest.
The orc priest resists.
The orc priest is moderately wounded.
The orc priest hits you with a +0 club.
Casting: Foxfire (safe; 4% risk of failure)
Confirm with . or Enter, or press ? or * to list all spells.
You conjure some foxfire!
The foxfire hits the orc priest but does no damage.
The orc priest is moderately wounded.
The foxfire hits the orc priest but does no damage.
The orc priest is moderately wounded.
The orc priest hits you with a +0 club.
Casting: Foxfire (safe; 4% risk of failure)
Confirm with . or Enter, or press ? or * to list all spells.
You don't have enough magic to cast this spell.
You hit the orc priest.
The orc priest is poisoned.
The orc priest is heavily wounded.
The foxfire hits the orc priest but does no damage.
The orc priest is heavily wounded.
The foxfire hits the orc priest but does no damage.
The orc priest is heavily wounded.
The orc priest calls down the wrath of Beogh upon you.
Beogh smites you!
You die...

##......####....#######.#....#
..................#......######
......#.####......#...........#
..##....######....#...........#
..##........##................#
.###......#...................#
.###......###.[###..).##...####
......#.####.....#....##...#
........## #...o@§.......###
.........###.....§.......#
............#............#
............#............#
#####.......#............#
#########...#.....#......#
..........#.#.....#......#
#########.#.####.################
....# #.#.# #.[.)(............


You could see an orc priest (very poisoned).

Vanquished Creatures
  2 orc wizards (D:2)
  4 gnolls (D:3)
  4 adders
  A worm (D:2)
  A dart slug (D:2)
  10 orcs
  4 endoplasms
  4 giant cockroaches
  2 goblins
  10 hobgoblins
  2 jackals (D:1)
  A quokka (D:1)
  9 ball pythons
  5 bats (D:1)
  3 frilled lizards (D:3)
  8 kobolds
  4 rats
74 creatures vanquished.

Vanquished Creatures (others)
  278 foxfires
278 creatures vanquished.

Grand Total: 352 creatures vanquished

Notes
Turn   | Place    | Note
-------+----------+-------------------------------------------
     0 | D:1      | Deathmic the Ogre Fire Elementalist began the quest for the
                  | Orb.
     0 | D:1      | Reached XP level 1. HP: 16/16 MP: 3/3
    49 | D:1      | Reached skill level 1 in Conjurations
   256 | D:1      | Reached XP level 2. HP: 19/24 MP: 5/5
   958 | D:1      | Reached XP level 3. HP: 13/31 MP: 0/7
  1696 | D:2      | Reached XP level 4. HP: 33/39 MP: 0/8
  2425 | D:2      | Reached XP level 5. HP: 26/45 MP: 1/9
  2827 | D:3      | Found the +18 Lear's hauberk
  4242 | D:3      | Killed from afar by an orc priest

Illustrated notes

Levels and vault maps discovered:
D:1:      mrwooster_arrival_statue, layout_loops_ring
D:2:      layout_loops_ring, minmay_tripent
D:3:      layout_basic
D:4:      minmay_clustersquares, layout_gridville, mainiacjoe_overflow_alcove_2,
          small_statue_intersection, minivault_14,
          chequers_serial_rivers_micro_a, kennysheep_path_1,
          serial_bayou_pond_d, dreamdust_gnoll_farm

Skill      XL: |  1  2  3  4 |
---------------+-------------+-----
Conjurations   | 1 2 |  2.3
Dodging        | 2 |  2.8
Fire Magic     | 3 |  3.5
Spellcasting   | 3 |  3.6
Stealth        | 2 |  2.4

Action                     |  1- 3 |  4- 6 || total
---------------------------+-------+-------++-------
  Melee: Unarmed           |    57 |       ||    57
         Dagger            |    11 |       ||    11
         Short sword       |    13 |    34 ||    47
   Cast: Foxfire           |    74 |   135 ||   209
    Use: Scroll            |     1 |     4 ||     5
 Armour: Robe              |    25 |     9 ||    34
  Dodge: Dodged            |    59 |    48 ||   107

Table legend: (Time is in decaauts)
 A = Elapsed time spent in this place.
 B = Non-inter-level travel time spent in this place.
 C = Inter-level travel time spent in this place.
 D = Time resting spent in this place.
 E = Time spent auto-exploring this place.
 F = Levels seen in this place.
 G = Mean time per level.
                   A        B        C        D        E       F      G
               +--------+--------+--------+--------+--------+-----+--------+
         Total |   4247 |   3913 |    334 |    191 |   2960 |   4 | 1061.8 |
       Dungeon |   4247 |   3913 |    334 |    191 |   2960 |   4 | 1061.8 |
               +--------+--------+--------+--------+--------+-----+--------+

Top non-repeatable levels by time:
     D:1: 1737 daAuts
     D:3: 1306 daAuts
     D:2: 1201 daAuts
     D:4: 1 daAuts
